 Dungeon Crawl Stone Soup version 0.22-a0-897-g1b7a381375 (webtiles) character file.

632 Chiseanne the Skirmisher (level 7, -2/56 HPs)
             Began as a Demonspawn Wanderer on July 31, 2018.
             Was a Believer of Wu Jian.
             Slain by Duvessa
             ... wielding a +0 short sword
              (4 damage)
             ... on level 5 of the Dungeon.
             The game lasted 00:17:36 (3122 turns).

Chiseanne the Skirmisher (Demonspawn Wanderer)      Turns: 3122, Time: 00:17:37

Health: -2/56      AC:  5    Str: 13    XL:     7   Next: 24%
Magic:  7/7        EV: 18    Int: 10    God:    Wu Jian [**....]
Gold:   90         SH:  4    Dex: 22    Spells: 6/6 levels left

rFire    . . .     SeeInvis .   a - +3 mace
rCold    . . .     Gourm    .   (no shield)
rNeg     . . .     Faith    .   b - +0 ring mail
rPois    .         Spirit   .   (no helmet)
rElec    .         Reflect  .   (no cloak)
rCorr    .         Harm     .   (no gloves)
MR       .....                  (no boots)
Stlth    ++++......             (no amulet)
HPRegen  0.18/turn              (no ring)
MPRegen  0.10/turn              (no ring)

@: agile
A: talons 1, large bone plates 1, demonic guardian 1, nightstalker 1
a: Wall Jump, Renounce Religion


You were on level 5 of the Dungeon.
You worshipped Wu Jian.
Wu Jian was pleased with you.
You were not hungry.

You visited 1 branch of the dungeon, and saw 5 of its levels.
You also visited: Ossuary.

You collected 90 gold pieces.

Inventory:

Hand Weapons
 a - a +3 mace (weapon)
 e - a +0 blowgun
 i - a +1 mace of protection
 w - a +0 hand crossbow
Missiles
 c - 22 bolts
 d - 27 poisoned needles
 k - 22 sling bullets
 l - 2 curare-tipped needles
 n - 20 stones (quivered)
 p - 26 arrows
 s - a throwing net
Armour
 b - a +0 ring mail (worn)
Wands
 q - a wand of scattershot (3)
 u - a wand of paralysis (14)
Scrolls
 x - 3 scrolls of immolation
 y - a scroll of amnesia
Potions
 f - a potion of mutation {unknown}
 j - a potion of resistance {unknown}
 m - 2 potions of curing
 o - 2 potions of might {unknown}
 r - a potion of agility
 t - a potion of ambrosia {unknown}
 v - a potion of haste {unknown}
Comestibles
 g - 6 rations
 h - 2 chunks of flesh


   Skills:
 * Level 5.3 Fighting
   Level 1.7 Short Blades
 - Level 1.7 Maces & Flails
 - Level 1.0 Throwing
 * Level 3.3 Armour
 * Level 3.6 Dodging
 * Level 2.9 Stealth
 - Level 1.0 Evocations


You had 6 spell levels left.
You didn't know any spells.
Your spell library was empty.

Dungeon Overview and Level Annotations

Branches:
Dungeon (5/15)
 Temple: D:4-7

Altars:
Wu Jian

Shops:
D:5 [

Annotations:
D:5 Dowan, Duvessa


Innate Abilities, Weirdness & Mutations

You have sharp toenails.
You are partially covered in large bone plates. (SH +4)
A weak demonic guardian rushes to your aid.
You are slightly more attuned to the shadows.


Message History

Dowan hits you but does no damage. Duvessa misses you.
You thump Duvessa! You claw Duvessa, but do no damage.
Duvessa is almost dead.
Duvessa closely misses you. Dowan hits you but does no damage.
Your iron imp hits Dowan.
Duvessa hits you with a short sword.
* * * LOW HITPOINT WARNING * * *
You hit Duvessa.
Duvessa is almost dead.
Duvessa hits you with a short sword!
* * * LOW HITPOINT WARNING * * *
You block Dowan's attack. The bullfrog skeleton misses you.
Your iron imp hits Dowan!
Duvessa barely misses you.
Dowan says to your iron imp, "My weaknesses are her strengths!"
You closely miss Duvessa. You claw Duvessa, but do no damage.
Duvessa is almost dead.
You block the bullfrog skeleton's attack.
You block Duvessa's attack.
Your iron imp closely misses Dowan.
The bullfrog skeleton closely misses you.
Dowan hits your iron imp with a dagger. Duvessa hits you with a short sword.
You die...

... .... #### .... ...#
..... ...# .....#+#..#
.....'∩+..# .#####'#..#
#....# #.##).@e##'#######
...... +.....Z..........#
...... #.....5e.........#
...... #................#
#..... #..##...##..#######
#.....####..##...##..#.....#
......)).............'.....#
.....................#.....#
........)...........<#.....#


You could see Duvessa, Dowan, a bullfrog skeleton and a friendly iron imp.

Vanquished Creatures
  A necrophage (D:3)
  2 ogres
  2 howler monkeys
  2 hounds (D:4)
  A worker ant (D:2)
  2 mummies (Ossuary)
  A worker ant zombie (D:4)
  3 gnolls (D:5)
  4 adders
  An adder skeleton (D:4)
  2 worms (D:2)
  2 dart slugs
  A leopard gecko (D:1)
  5 giant cockroaches
  5 goblins
  4 hobgoblins
  4 jackals (D:1)
  6 kobolds
  A quokka (D:4)
  A bat (D:2)
  5 frilled lizards
  2 gnoll skeletons (Ossuary)
  3 gnoll zombies (Ossuary)
  2 goblin skeletons (Ossuary)
  5 goblin zombies
  A hobgoblin skeleton (Ossuary)
  2 hobgoblin zombies (Ossuary)
  4 kobold skeletons (Ossuary)
  3 kobold zombies (Ossuary)
  2 orc skeletons (Ossuary)
  An orc zombie (Ossuary)
  5 rats
  3 rat skeletons (Ossuary)
  4 rat zombies (Ossuary)
92 creatures vanquished.

Vanquished Creatures (collateral kills)
  A centaur (D:5)
  Ijyb (D:5)
  A gnoll (D:5)
3 creatures vanquished.

Vanquished Creatures (others)
  Menkaure (Ossuary)
  A mummy (Ossuary)
  A gnoll zombie (Ossuary)
  A gnoll skeleton (Ossuary)
  2 goblin zombies (Ossuary)
  2 hobgoblin skeletons (Ossuary)
  A hobgoblin zombie (Ossuary)
  2 kobold skeletons (Ossuary)
  A kobold zombie (Ossuary)
  2 orc skeletons (Ossuary)
  2 orc zombies (Ossuary)
  4 rat skeletons (Ossuary)
  2 rat zombies (Ossuary)
22 creatures vanquished.

Grand Total: 117 creatures vanquished

Notes
Turn   | Place    | Note
-------+----------+-------------------------------------------
     0 | D:1      | Chiseanne the Demonspawn Wanderer began the quest for the Orb.
     0 | D:1      | Chiseanne set off with: a +2 mace, a +0 hand crossbow, 22 bolts, 7 poisoned needles, a +0 blowgun, a +0 robe, a ration
     0 | D:1      | Reached XP level 1. HP: 18/18 MP: 1/1
   226 | D:1      | Reached skill level 1 in Dodging
   226 | D:1      | Gained mutation: You have sharp toenails. [demonic ancestry]
   226 | D:1      | Reached XP level 2. HP: 22/24 MP: 2/2
   878 | D:2      | Reached skill level 1 in Armour
   878 | D:2      | Gained mutation: You are partially covered in large bone plates. (SH +4) [demonic ancestry]
   878 | D:2      | Reached XP level 3. HP: 20/30 MP: 3/3
  1218 | D:2      | Reached XP level 4. HP: 37/37 MP: 4/4
  1517 | D:2      | Found a faded altar of an unknown god.
  1519 | D:2      | Became a worshipper of the Wu Jian Council
  1519 | D:2      | Reached * piety under Wu Jian
  1697 | D:3      | Reached skill level 4 in Fighting
  1871 | D:4      | Noticed an ogre
  1871 | D:4      | Noticed a necrophage
  1881 | D:3      | Killed an ogre
  1881 | D:3      | Gained mutation: You are slightly more attuned to the shadows. [demonic ancestry]
  1881 | D:3      | Reached XP level 5. HP: 19/43 MP: 5/5
  2061 | D:3      | Killed a necrophage
  2246 | D:4      | Reached XP level 6. HP: 49/49 MP: 6/6
  2523 | D:4      | Reached skill level 5 in Fighting
  2540 | D:4      | Found a sand-covered staircase.
  2547 | Ossuary  | Entered an ossuary
  2615 | Ossuary  | Reached ** piety under Wu Jian
  2732 | Ossuary  | Killed Menkaure
  2985 | D:5      | Entered Level 5 of the Dungeon
  3005 | D:5      | Gained mutation: A weak demonic guardian rushes to your aid. [demonic ancestry]
  3005 | D:5      | Reached XP level 7. HP: 56/56 MP: 7/7
  3030 | D:5      | Noticed Ijyb
  3038 | D:5      | Killed Ijyb
  3052 | D:5      | Found Wutho's Antique Armour Shop.
  3110 | D:5      | Noticed Dowan
  3111 | D:5      | Noticed Duvessa
  3121 | D:5      | HP: 2/56 [Duvessa/short sword (10)]
  3122 | D:5      | Slain by Duvessa

Vault maps used:
D:1:      moated_graveyard_arrival, serial_bayou_lagoon_a
D:2:      chequers_ecumenical_altar_twisty
D:3:      tgw_trog
D:4:      enter_ossuary_4
D:5:      old_standard_altar, first_ration, serial_shops, kennysheep_mini,
          uniq_ijyb, uniq_duvessa
Ossuary:  ossuary_due_pyramid

Skill      XL: |  1  2  3  4  5  6 |
---------------+-------------------+-----
Dodging        | 1 2 3 |  3.6
Armour         | 1 2 3 |  3.3
Fighting       | 4 5 |  5.3
Stealth        | 2 |  2.9
Short Blades   | |  1.7
Maces & Flails | |  1.7
Throwing       | |  1.0
Evocations     | |  1.0

Action                   |  1- 3 |  4- 6 |  7- 9 || total
-------------------------+-------+-------+-------++-------
Melee: Mace              |    64 |   163 |    24 ||   251
       Kick              |     6 |    43 |    13 ||    62
 Fire: Hand crossbow     |     3 |       |       ||     3
Invok: Lunge             |       |     9 |     2 ||    11
       Whirlwind         |       |     4 |       ||     4
  Use: Scroll            |     4 |     5 |       ||     9
       Potion            |       |     3 |     1 ||     4
 Stab: Sleeping          |     1 |     3 |       ||     4
       Distracted        |       |     1 |       ||     1
  Eat: Chunk             |     1 |     4 |       ||     5
       Ration            |       |     1 |       ||     1
Armor: Robe              |     6 |       |       ||     6
       Ring mail         |     8 |    30 |     6 ||    44
Dodge: Dodged            |    38 |    81 |    24 ||   143
Block: Other             |     1 |    28 |     8 ||    37

Table legend:
 A = Spawn XP
 B = Non-spawn XP
 C = Spawn XP percentage of total XP
 D = Spawn monster count
 E = Non-spawn monster count
 F = Spawn count percentage of total count
 G = Total turns spent on level
                    A         B        C        D         E        F      G
               +---------+---------+-------+---------+---------+-------+---------
         Total |       0 |     904 |   0.0 |       0 |      88 |   0.0 |  3122
               +---------+---------+-------+---------+---------+-------+---------
           D:1 |       0 |      31 |   0.0 |       0 |      18 |   0.0 |   756
           D:2 |       0 |      80 |   0.0 |       0 |      15 |   0.0 |   825
           D:3 |       0 |     259 |   0.0 |       0 |      10 |   0.0 |   649
           D:4 |       0 |     308 |   0.0 |       0 |      12 |   0.0 |   440
           D:5 |       0 |     189 |   0.0 |       0 |       8 |   0.0 |   137
       Ossuary |       0 |      37 |   0.0 |       0 |      25 |   0.0 |   315
               +---------+---------+-------+---------+---------+-------+---------
